 Dungeon Crawl Stone Soup version 0.30-a0-719-gcc4359ea44 (webtiles) character file.

Game seed: 4038671755234711454

36893 funkygono the Thaumaturge (level 13, -5/70 HPs)
             Began as a Gargoyle Fire Elementalist on Jan 26, 2023.
             Was a High Priest of Vehumet.
             Killed from afar by an oklob plant (38 damage)
             ... with a splash of acid
             ... on level 4 of the Lair of Beasts.
             The game lasted 00:41:08 (18923 turns).

funkygono the Thaumaturge (GrFE)                   Turns: 18923, Time: 00:41:09

Health: -5/70      AC: 16    Str: 20    XL:     13   Next: 93%
Magic:  21/29      EV: 14    Int: 19    God:    Vehumet [*****.]
Gold:   878        SH:  5    Dex: 18    Spells: 9/37 levels left

rFire   + . .      SeeInvis .    d - +7 demon whip "Dragonslayer" {pain, *Corrode rN+ Str+3 Dex+2}
rCold   x . .      Faith    .    (no shield)
rNeg    + + +      Spirit   .    s - +2 steam dragon scales
rPois   ∞          Reflect  +    (no helmet)
rElec   +          Harm     .    T - +0 cloak
rCorr   .          Rampage  .    r - +1 pair of gloves
Will    .....                    V - +0 pair of boots
Stlth   ++                       z - amulet of reflection
HPRegen 0.31/turn                p - ring of fire
MPRegen 0.21/turn                l - ring "Uhay" {rN+ Str+3 Dex+6 Slay+2}

@: corroded
A: sickness immunity, AC +9, negative energy resistance 1, electricity
resistance, torment resistance 1, petrification resistance
a: Renounce Religion


You were on level 4 of the Lair of Beasts.
You worshipped Vehumet.
Vehumet was extremely pleased with you.
You visited 3 branches of the dungeon, and saw 15 of its levels.
You also visited: Sewer and Bailey.

You collected 996 gold pieces.
You spent 118 gold pieces at shops.

Inventory:

Hand Weapons
 d - the +7 demon whip "Dragonslayer" (weapon) {pain, *Corrode rN+ Str+3 Dex+2}
   (You acquired it on level 5 of the Dungeon)

   Str:       It affects your strength (+3).
   Dex:       It affects your dexterity (+2).
   rN:        It protects you from negative energy.
   *Corrode:  It may corrode you when you take damage.
 x - a +1 demon whip of venom
 S - a +3 morningstar of freezing
 W - a +1 whip of electrocution
Armour
 a - a +0 pair of gloves of infusion
 c - a +2 ring mail of cold resistance
 r - a +1 pair of gloves (worn)
 s - +2 steam dragon scales (worn)
 y - a +1 hat of intelligence
 T - a +0 cloak (worn)
 V - a +0 pair of boots (worn)
Magical Staves
 n - a staff of cold
 A - a staff of poison
 F - a staff of fire
 N - a staff of conjuration
Jewellery
 j - a ring of protection from fire
 l - the ring "Uhay" (right hand) {rN+ Str+3 Dex+6 Slay+2}
   (You found it on level 1 of the Lair of Beasts)

   [ring of dexterity]

   Str:       It affects your strength (+3).
   Dex:       It affects your dexterity (+6).
   Slay:      It affects your accuracy & damage with ranged weapons and melee
   (+2).
   rN:        It protects you from negative energy.
 p - a ring of fire (left hand)
 z - an amulet of reflection (around neck)
 D - a ring of flight
Wands
 b - a wand of mindburst (6)
 f - a wand of digging (4)
 o - a wand of paralysis (27)
 q - a wand of flame (24)
 C - a wand of quicksilver (7)
 U - a wand of iceblast (22)
Scrolls
 e - a scroll of amnesia
 t - a scroll of fog
 u - a scroll of fear
 O - 5 scrolls of teleportation
 Q - a scroll of magic mapping
Potions
 g - 6 potions of curing
 h - a potion of heal wounds
 i - a potion of brilliance
 k - 2 potions of cancellation
 m - 5 potions of haste
 v - 2 potions of resistance
 K - 3 potions of flight
 P - 2 potions of might
 R - 2 potions of invisibility


   Skills:
 + Level 3.7 Fighting
 + Level 5.0 Maces & Flails
 + Level 4.4 Dodging
 - Level 2.1 Stealth
 + Level 0.2 Shields
 + Level 12.8 Spellcasting
 + Level 8.5 Conjurations
 + Level 2.8 Transmutations
 + Level 12.2 Fire Magic
 + Level 9.9 Poison Magic
 + Level 0.1 Evocations


You had 9 spell levels left.
You knew the following spells:

 Your Spells              Type           Power      Damage    Failure   Level
a - Foxfire               Conj/Fire      100%       2x1d9     1%          1
b - Scorch                Fire           100%       2d10      1%          2
c - Kindle Blastsparks    Fire/Tloc/Air  82%        2d16      1%          3
d - Flame Wave            Conj/Fire      67%        2d15      1%          4
e - Poisonous Vapours     Pois/Air       62%        N/A       1%          2
f - Olgreb's Toxic Radia  Pois           50%        N/A       1%          4
g - Ignite Poison         Fire/Tmut/Pois 60%        N/A       1%          3
h - Sticky Flame          Conj/Fire      67%        2d8       1%          4
i - Fireball              Conj/Fire      33%        3d14      1%          5

Your spell library contained the following spells:

 Spells                   Type           Power      Damage    Failure   Level
 Kiss of Death            Conj/Necr      100%       2d13      1%          1
 Sting                    Tmut/Pois      100%       1d8       1%          1
 Momentum Strike          Conj/Tloc      56%        3d9       1%          2
 Hailstorm                Conj/Ice       28%        3d8       1%          3
 Inner Flame              Hex/Fire       52%        N/A       1%          3
 Mephitic Cloud           Conj/Pois/Air  35%        N/A       1%          3
 Spider Form              Tmut/Pois      36%        N/A       1%          3
 Passwall                 Tmut/Erth      14%        N/A       4%          2
 Ensorcelled Hibernation  Hex/Ice        24%        N/A       9%          2
 Lesser Beckoning         Tloc           24%        N/A       9%          2
 Gell's Gravitas          Tloc           12%        N/A       17%         3
 Swiftness                Air            12%        N/A       17%         3
 Teleport Other           Tloc           12%        N/A       17%         3
 Ice Form                 Ice/Tmut       17%        N/A       30%         4
 Petrify                  Tmut/Erth      17%        N/A       30%         4
 Dispel Undead            Necr           12%        3d9       50%         4
 Death Channel            Necr           6%         N/A       100%        6
 Simulacrum               Ice/Necr       6%         N/A       100%        6
 Chain Lightning          Conj/Air       14%        3d18      100%        9
 Fire Storm               Conj/Fire      33%        8d9       100%        9
 Shatter                  Erth           6%         3d9*      100%        9
 Cigotuvi's Dreadful Rot  Necr/Pois/Air  Unusable   N/A       N/A         2

Dungeon Overview and Level Annotations

Branches:
Dungeon (10/15)            Temple (1/1) D:5            Lair (4/5) D:9
 Shoals (0/4) Lair:3        Snake (0/4) Lair:2        Slime (0/5) Lair:4
    Orc (0/2) D:10          Sewer (visited)          Bailey (visited)

Altars:
Ashenzari
Cheibriados
Dithmenos
Elyvilon
Fedhas
Gozag
Hepliaklqana
Kikubaaqudgha
Makhleb
Nemelex Xobeh
Okawaru
Qazlal
Ru
Sif Muna
Trog
Uskayaw
Vehumet
Wu Jian
Xom
Yredelemnul
Zin
The Shining One

Shops:
D:1 [   D:5 !   D:9 [

Annotations:
D:4 1 runed translucent door, mopl's ghost, amateur MfDe
D:6 1 runed translucent door, Domino's ghost, novice MiBe
Lair:4 exclusion: 4 oklob plants


Innate Abilities, Weirdness & Mutations

You are immune to sickness and miasma.
Your stone body is resilient. (AC +9)
You are immune to poison.
You resist negative energy. (rN+)
You are resistant to electric shocks. (rElec)
You are resistant to unholy torment.
You are immune to petrification.


Message History

You feel a surge of power!
You conjure some foxfire!
Unknown command.
Casting: Foxfire (safe; 1% risk of failure)
Confirm with . or Enter, or press ? or * to list all spells.
You feel a surge of power!
You conjure some foxfire!
The foxfire hits the oklob plant.
The oklob plant is lightly damaged.
The foxfire hits the oklob plant.
The oklob plant is moderately damaged.
The oklob plant spits acid at you. The splash of acid hits you!
The foxfire hits the oklob plant but does no damage.
The oklob plant is moderately damaged.
Casting: Foxfire (safe; 1% risk of failure)
Confirm with . or Enter, or press ? or * to list all spells.
You feel a surge of power!
You conjure some foxfire!
The foxfire hits the oklob plant but does no damage.
The oklob plant is lightly damaged.
The foxfire hits the oklob plant.
The oklob plant is moderately damaged.
The oklob plant spits acid at you. The splash of acid hits you!
The foxfire hits the oklob plant but does no damage.
The oklob plant is moderately damaged.
Casting: Foxfire (safe; 1% risk of failure)
Confirm with . or Enter, or press ? or * to list all spells.
You feel a surge of power!
You conjure some foxfire!
The foxfire hits the oklob plant.
The oklob plant is moderately damaged.
Casting: Foxfire (safe; 1% risk of failure)
Confirm with . or Enter, or press ? or * to list all spells.
You feel a surge of power!
You conjure some foxfire!
The foxfire hits the oklob plant.
The oklob plant is heavily damaged.
The foxfire hits the oklob plant but does no damage.
The oklob plant is heavily damaged.
The oklob plant spits acid at you. The splash of acid hits you!!!
Ouch! That really hurt!
You die...

##.............#....
#.####.......###....
###.# #.#.#####
#.... #..## ####
#..P. ##.### ...#.
##...### ..##.
#......##### #
#P..v§v....##
####§@§......
##§§.###.. .§§.#
..§...# . ...v...# .
...PP....# .
P....>...##
#P...PP....


You could see 4 oklob plants.

Vanquished Creatures
  Gastronok (Lair:2)
  A hydra (Lair:3)
  A centaur warrior (D:10)
  Nergalle (D:10)
  Urug (Lair:2)
  Amaemon (Lair:2)
  Pikel (D:9)
  A lindwurm (Lair:4)
  An orc knight (Bailey)
  2 cyclopes (D:7)
  A manticore (Lair:2)
  An elephant (Lair:2)
  7 black mambas
  A merfolk siren (Lair:3)
  Maurice (D:8)
  10 cane toads
  An orange demon (Lair:2)
  4 komodo dragons
  5 rime drakes
  A yaktaur (shapeshifter) (D:10)
  A queen bee (Lair:2)
  5 meliai (Lair:2)
  A troll (D:7)
  A hornet (D:9)
  6 blink frogs
  Sigmund (D:5)
  A slime creature (D:7)
  2 shadows
  A wraith (D:9)
  4 wyverns
  2 steam dragons
  35 yaks
  A vampire mosquito (D:7)
  Edmund (D:4)
  4 basilisks
  An acid dragon (D:9)
  13 water moccasins
  16 orc warriors
  A black bear (D:9)
  4 sky beasts
  2 ogres
  15 wolves
  3 phantoms
  6 centaurs
  16 bullfrogs
  8 kobold brigands
  2 necrophages
  5 scorpions
  A gnoll sergeant (D:6)
  9 wights
  41 killer bees
  2 howler monkeys (D:7)
  3 electric eels (Lair:1)
  A lava snake (Lair:1)
  3 jellies
  3 gnoll boudas
  3 hounds
  10 orc priests
  10 orc wizards
  6 iguanas
  8 gnolls
  6 adders
  4 river rats
  3 shadow imps (D:7)
  2 white imps
  2 ufetubi
  4 worms
  4 dart slugs
  56 orcs
  5 bats
  6 endoplasms
  7 giant cockroaches
  5 goblins
  7 hobgoblins
  5 jackals
  25 kobolds
  8 quokkas
  6 ball pythons
  3 frilled lizards
  11 rats
470 creatures vanquished.

Vanquished Creatures (collateral kills)
  29 foxfires
29 creatures vanquished.

Vanquished Creatures (others)
  1034 foxfires
  74 fungi
  132 plants
1240 creatures vanquished.

Grand Total: 1739 creatures vanquished

Notes
Turn   | Place    | Note
-------+----------+-------------------------------------------
     0 | D:1      | funkygono the Gargoyle Fire Elementalist began the quest
                  | for the Orb.
     0 | D:1      | Reached XP level 1. HP: 10/10 MP: 3/3
   169 | D:1      | Reached XP level 2. HP: 12/15 MP: 0/5
   306 | D:1      | Learned a level 2 spell: Scorch
   629 | D:1      | Reached XP level 3. HP: 19/19 MP: 1/6
   633 | D:1      | Learned a level 3 spell: Kindle Blastsparks
   784 | D:1      | Found Keiwun's Armour Emporium.
  2313 | D:3      | Reached XP level 4. HP: 24/24 MP: 5/8
  2478 | D:3      | Found a faded altar of an unknown god.
  2662 | D:3      | Found a blossoming altar of Fedhas.
  3188 | D:4      | Reached XP level 5. HP: 28/28 MP: 7/9
  3192 | D:4      | Noticed an ogre
  3193 | D:4      | Learned a level 4 spell: Flame Wave
  3197 | D:4      | Killed an ogre
  3332 | D:4      | Noticed a phantom
  3340 | D:4      | Killed a phantom
  3341 | D:4      | Reached XP level 6. HP: 33/33 MP: 2/12
  3428 | D:4      | Found a runed translucent door.
  3446 | D:4      | Noticed mopl's ghost (amateur MfDe)
  3637 | D:4      | Found an opulent altar of Gozag.
  3668 | D:4      | Reached skill level 1 in Fighting
  3785 | D:4      | Reached XP level 7. HP: 37/38 MP: 5/13
  3852 | D:4      | Learned a level 2 spell: Poisonous Vapours
  3897 | D:4      | Noticed Edmund
  3903 | D:4      | Killed Edmund
  3904 | D:4      | Reached skill level 5 in Fire Magic
  3994 | D:4      | Reached skill level 5 in Spellcasting
  4353 | D:4      | Learned a level 4 spell: Olgreb's Toxic Radiance
  4356 | D:5      | Entered Level 5 of the Dungeon
  4591 | D:5      | Reached XP level 8. HP: 30/43 MP: 4/16
  4982 | D:5      | Found Hemus's Distillery.
  4990 | D:5      | Bought a potion of heal wounds for 60 gold pieces
  5023 | D:5      | Noticed Sigmund
  5030 | D:5      | Killed Sigmund
  5200 | D:5      | Found a snail-covered altar of Cheibriados.
  5299 | D:5      | Found a staircase to the Ecumenical Temple.
  5305 | Temple   | Entered the Ecumenical Temple
  5319 | Temple   | Became a worshipper of Vehumet
  5408 | D:5      | Noticed a shadow
  5409 | D:5      | Found a shadowy altar of Dithmenos.
  5410 | D:5      | Found a hazy altar of Hepliaklqana.
  5570 | D:5      | Identified a scroll of acquirement
  5570 | D:5      | Acquired the +7 demon whip "Dragonslayer" {pain, *Corrode
                  | rN+ Str+3 Dex+2}
  5654 | D:6      | Reached skill level 5 in Conjurations
  5718 | D:6      | Found a runed translucent door.
  5957 | D:6      | Found a glowing drain.
  5962 | Sewer    | Entered a sewer
  6171 | Sewer    | Reached * piety under Vehumet
  6171 | Sewer    | Offered knowledge of Shock by Vehumet.
  6264 | Sewer    | Reached skill level 1 in Maces & Flails
  7288 | D:6      | Reached XP level 9. HP: 47/47 MP: 14/18
  7664 | D:6      | Reached skill level 1 in Poison Magic
  8439 | D:6      | Noticed Domino's ghost (novice MiBe)
  8881 | D:7      | Noticed a cyclops
  8888 | D:7      | Offered knowledge of Kiss of Death by Vehumet.
  8892 | D:7      | Reached ** piety under Vehumet
  8895 | D:7      | Killed a cyclops
  8896 | D:7      | Reached XP level 10. HP: 9/53 MP: 10/21
  9218 | D:7      | Identified the +5 short sword of Prudence {antimagic, rC+
                  | Str+3 Int+3 Dex+3}
  9219 | D:7      | Got the Grimoire of Putrid Superposition
  9521 | D:7      | Noticed a cyclops
  9527 | D:7      | Killed a cyclops
  9699 | D:7      | Got Xeruf's Secrets of Unhallowed Words and Evolution
  9888 | D:7      | Found a sparkling altar of Nemelex Xobeh.
 10227 | D:8      | Noticed a cyclops
 10261 | D:8      | Found a burning altar of Makhleb.
 10283 | D:8      | Offered knowledge of Ignite Poison by Vehumet.
 10531 | D:8      | Found an iron altar of Okawaru.
 10531 | D:8      | Found a stormy altar of Qazlal.
 10595 | D:8      | Noticed Maurice
 10600 | D:8      | Killed Maurice
 10601 | D:8      | Reached skill level 5 in Poison Magic
 10601 | D:8      | Reached XP level 11. HP: 58/58 MP: 12/23
 10816 | D:8      | Reached *** piety under Vehumet
 11060 | D:8      | Learned a level 3 spell: Ignite Poison
 11151 | D:9      | Offered knowledge of Hailstorm by Vehumet.
 11258 | D:9      | Found Optotz's Armour Shoppe.
 11261 | D:9      | Bought a +0 pair of boots for 58 gold pieces
 11278 | D:9      | Noticed Pikel
 11282 | D:9      | Killed Pikel
 11787 | D:9      | Found a staircase to the Lair.
 11836 | D:9      | Reached **** piety under Vehumet
 11924 | D:9      | Found a shimmering altar of Xom.
 12608 | D:10     | Entered Level 10 of the Dungeon
 12672 | D:10     | Reached skill level 10 in Fire Magic
 12677 | D:10     | Offered knowledge of Sticky Flame by Vehumet.
 12750 | D:10     | Found a staircase to the Orcish Mines.
 12827 | D:10     | Found a flagged portal.
 12911 | Bailey   | Entered a bailey
 13225 | Bailey   | Noticed an orc knight
 13229 | Bailey   | Reached skill level 10 in Spellcasting
 13231 | Bailey   | Killed an orc knight
 13232 | Bailey   | Reached skill level 1 in Transmutations
 13607 | D:10     | Noticed a centaur warrior
 13623 | D:10     | Killed a centaur warrior
 13624 | D:10     | Reached XP level 12. HP: 23/64 MP: 3/26
 13777 | D:10     | Noticed Nergalle
 13782 | D:10     | Killed Nergalle
 14012 | D:10     | Found a shimmering blue altar of Sif Muna.
 14222 | D:9      | Learned a level 4 spell: Sticky Flame
 14227 | Lair:1   | Entered Level 1 of the Lair of Beasts
 14300 | Lair:1   | Identified the ring "Uhay" {rN+ Str+3 Dex+6 Slay+2}
 14695 | Lair:1   | Reached ***** piety under Vehumet
 14695 | Lair:1   | Offered knowledge of Freezing Cloud by Vehumet.
 15502 | Lair:2   | Noticed Amaemon
 15514 | Lair:2   | Killed Amaemon
 15780 | Lair:2   | Reached XP level 13. HP: 46/68 MP: 8/28
 16298 | Lair:2   | Found a staircase to the Snake Pit.
 16448 | Lair:2   | Noticed Gastronok
 16700 | Lair:2   | Killed Gastronok
 16812 | Lair:2   | Noticed Urug
 16816 | Lair:2   | Killed Urug
 17568 | Lair:3   | Offered knowledge of Fireball by Vehumet.
 17699 | Lair:3   | Reached skill level 5 in Maces & Flails
 18096 | Lair:3   | Found a staircase to the Shoals.
 18560 | Lair:3   | Learned a level 5 spell: Fireball
 18912 | Lair:4   | Found a staircase to the Slime Pits.
 18923 | Lair:4   | Killed from afar by an oklob plant

Illustrated notes

Levels and vault maps discovered:
D:1:      nzn_arrival_water_spiral, layout_rooms, serial_shops,
          nicolae_shop_statue_plus
D:2:      layout_basic, serial_forest, infiniplex_forest_join,
          infiniplex_forest_clump_tiny, infiniplex_forest_lined_room_2,
          infiniplex_forest_fountain, infiniplex_forest_pool,
          infiniplex_forest_pool, infiniplex_forest_clump_tiny
D:3:      layout_loops_cross, fedhas_ov_isle_minmay,
          ebering_ecumenical_altar_petrified
D:4:      layout_gridville, mainiacjoe_overflow_catwalk,
          ebering_ghost_inner_flame, minmay_misc_feat_enclosed,
          grunt_decor_one_mirror, uniq_edmund
D:5:      layout_basic, general_overflow_altar,
          riverfiend_overflow_shadow_ancestor, minmay_temple_entry_fiery,
          serial_shops, shop_fountains, chequers_hall_statues_y, uniq_sigmund
D:6:      layout_basic, ebering_ghost_reflecting_pool, gup_sewer_entry_spiral,
          serial_curves, eino_curves_03, eino_curves_04
D:7:      minmay_the_grid_octo_tiled_squarecenter
          [minmay_the_grid_octo_fat_diamond, minmay_the_grid_octo_chip,
          minmay_the_grid_octo_checkerflower, minmay_the_grid_octo_focus,
          minmay_the_grid_square_5x5_megaprize_checkered,
          minmay_the_grid_square_5x5_corner,
          minmay_the_grid_square_5x5_tetrominoes,
          minmay_the_grid_square_5x5_one_wall,
          minmay_the_grid_square_5x5_inner_z], layout_loops_ring,
          nemelex_diamond_rough_becter
D:8:      layout_loops_ring, lemuel_crystal_altar,
          gammafunk_temple_overflow_wave, minmay_misc_feat_room, nrook_uturn,
          onia_ninara_dug_in_and_dangerous, uniq_maurice
D:9:      layout_irregular_city, lemuel_coloured_pillars_altar,
          due_lair_maze_entry_diamond, serial_shops, nicolae_shop_behind_doors,
          roderic_lattice_a, uniq_pikel
D:10:     layout_roguey, nicolae_overflow_hidden_temple, david_orc_5,
          enter_bailey_8, uniq_nergalle
Temple:   nicolae_temple_ecumenical_triangle
Lair:1:   layout_gridlike, minivault_25, serial_bayou_lagoon_b
Lair:2:   regret_index_combs_of_tragedy, layout_regular_city,
          minmay_snake_entry_six_corridors, st_stairs_6, uniq_urug,
          uniq_amaemon, uniq_gastronok
Lair:3:   layout_concentric_octagons, minmay_shoals_entry_lonely_mermaid,
          grunt_megastairs_5
Lair:4:   layout_cave_pods, minmay_slime_entry_oklob_open, serial_bayou_shore_b

Skill      XL: |  1  2  3  4  5  6  7  8  9 10 11 12 13 |
---------------+----------------------------------------+-----
Spellcasting   | 3 4 5 6 7 8 10 11 12 | 12.8
Conjurations   | 2 3 4 5 6 7 8 |  8.5
Dodging        | 2 3 4 |  4.4
Fire Magic     | 4 5 7 8 9 10 11 12 | 12.2
Fighting       | 1 2 3 |  3.7
Maces & Flails | 1 2 3 4 5 |  5.0
Poison Magic   | 3 5 7 8 9 |  9.9
Transmutations | 1 2 |  2.8
Stealth        | |  2.1
Shields        | |  0.2
Evocations     | |  0.1

Action                     |  1- 3 |  4- 6 |  7- 9 | 10-12 | 13-15 || total
---------------------------+-------+-------+-------+-------+-------++-------
  Melee: Long sword        |    14 |       |       |       |       ||    14
         Mace              |       |    10 |       |       |       ||    10
         Demon whip        |       |       |   124 |   106 |    17 ||   247
         Dire flail        |       |       |     4 |       |       ||     4
         Punch             |       |       |     3 |     2 |       ||     5
   Cast: Foxfire           |    74 |    67 |   177 |   208 |    91 ||   617
         Scorch            |     3 |     8 |    31 |    78 |    45 ||   165
         Flame Wave        |       |       |     5 |    22 |     1 ||    28
         Olgreb's Toxic Ra |       |       |       |    44 |    30 ||    74
         Ignite Poison     |       |       |       |    44 |    34 ||    78
  Evoke: Wand              |       |       |       |     2 |       ||     2
    Use: Scroll            |       |       |    16 |     7 |     2 ||    25
         Potion            |       |       |     1 |     8 |       ||     9
   Stab: Sleeping          |       |       |     2 |       |       ||     2
 Armour: Robe              |     2 |     3 |    12 |       |       ||    17
         Steam dragon scal |       |       |     2 |   132 |    49 ||   183
  Dodge: Dodged            |    13 |     2 |    44 |   166 |    57 ||   282
  Block: Other             |       |       |       |       |    11 ||    11

Table legend: (Time is in decaauts)
 A = Elapsed time spent in this place.
 B = Non-inter-level travel time spent in this place.
 C = Inter-level travel time spent in this place.
 D = Time resting spent in this place.
 E = Time spent auto-exploring this place.
 F = Levels seen in this place.
 G = Mean time per level.
                   A        B        C        D        E       F      G
               +--------+--------+--------+--------+--------+-----+--------+
         Total |  18960 |  18665 |    295 |   1857 |  12790 |  17 | 1115.3 |
       Dungeon |  12510 |  12299 |    211 |    912 |   8936 |  10 | 1251.0 |
        Temple |     49 |     36 |     13 |      0 |     24 |   1 |   49.0 |
          Lair |   4726 |   4656 |     70 |    772 |   3197 |   4 | 1181.5 |
         Sewer |   1186 |   1186 |      0 |      0 |    568 |   1 | 1186.0 |
        Bailey |    487 |    487 |      0 |    173 |     64 |   1 |  487.0 |
               +--------+--------+--------+--------+--------+-----+--------+

Top non-repeatable levels by time:
  Lair:2: 1727 daAuts
     D:6: 1676 daAuts
  Lair:1: 1630 daAuts
     D:9: 1572 daAuts
     D:7: 1540 daAuts
     D:2: 1274 daAuts
     D:4: 1229 daAuts
     D:5: 1193 daAuts
   Sewer: 1186 daAuts
    D:10: 1085 daAuts
     D:8: 1078 daAuts
  Lair:3: 1028 daAuts
     D:1: 986 daAuts
     D:3: 873 daAuts
  Bailey: 487 daAuts
